 Dungeon Crawl Stone Soup version 0.16.0 (console) character file.

177 hans the Covert (level 5, -1/24 HPs)
             Began as a Spriggan Enchanter on Mar 13, 2015.
             Slain by a gnoll
             ... wielding a +0 flail
              (15 damage)
             ... on level 3 of the Dungeon.
             The game lasted 00:09:56 (2384 turns).

hans the Covert (Spriggan Enchanter)                Turns: 2384, Time: 00:09:56

Health: -1/24      AC:  3    Str:  5    XL:     5   Next: 30%
Magic:  1/14       EV: 18    Int: 17    God:
Gold:   118        SH:  0    Dex: 16    Spells: 3 memorised, 3 levels left

rFire  . . .     SeeInvis +     a - +1 dagger
rCold  . . .     Clarity  .     b - +1 robe
rNeg   . . .     SustAb   .     (shield restricted)
rPois  .         Gourm    .     (helmet restricted)
rElec  .         Spirit   .     (no cloak)
rCorr  .         Warding  .     (gloves unavailable)
rMut   .         Stasis   .     (boots unavailable)
MR     .....                    (no amulet)
Stlth  ++++......               (no ring)
                                (no ring)

@: very quick, not resistant to hostile enchantments, stealthy
A: unfitting armour, see invisible, herbivore 3, speed 3, slow metabolism 2
a: no special abilities


You were on level 3 of the Dungeon.
You were full.

You visited 1 branch of the dungeon, and saw 3 of its levels.

You collected 118 gold pieces.

Inventory:

Hand weapons
 a - a +1 dagger (weapon)
 m - a +2 antimagic dagger
Armour
 b - a +1 robe (worn)
Magical devices
 r - a wand of enslavement (11)
Scrolls
 e - a scroll of blinking {unknown}
 f - a scroll of random uselessness {unknown}
 h - 3 scrolls of magic mapping {unknown}
 i - 3 scrolls of identify {unknown}
 k - 2 scrolls of teleportation {unknown}
 n - 3 scrolls of remove curse {unknown}
 o - a scroll of noise {unknown}
 p - a scroll of amnesia {unknown}
 s - a scroll of enchant armour {unknown}
Potions
 g - 2 potions of heal wounds {unknown}
 j - a potion of haste {unknown}
 l - a potion of cure mutation {unknown}
 q - 4 potions of curing {unknown}
Books
 c - a book of Maledictions

   Spells                             Type                      Level
   a - Corona                         Hexes                        1
   b - Sure Blade                     Hexes/Charms                 2
   c - Ensorcelled Hibernation        Hexes/Ice                    2
   d - Confuse                        Hexes                        3
   e - Dazzling Spray                 Conjuration/Hexes            3
   f - Enslavement                    Hexes                        4
Comestibles
 d - a bread ration


   Skills:
 + Level 3.1 Short Blades
 - Level 3.0 Dodging
 * Level 8.3 Stealth
 - Level 2.6 Spellcasting
 - Level 3.6 Hexes


You had 3 spell levels left.
You knew the following spells:

 Your Spells              Type           Power        Failure   Level  Hunger
a - Corona                Hex            ##.....      4%          1    #......
b - Ensorcelled Hibernat  Hex/Ice        #.....       17%         2    ##.....
c - Confuse               Hex            ##......     14%         3    ###....


Dungeon Overview and Level Annotations

Branches:
Dungeon (3/15)

Altars:
Ru
Xom


Innate Abilities, Weirdness & Mutations

You are tiny and cannot use many weapons and most armour.
You have supernaturally acute eyesight.
You are a herbivore.
You cover ground extremely quickly.
You need consume almost no food.


Message History

Press: ? - help, Shift-Dir - straight line, f/p - gnoll
Aim: a gnoll, wielding a flail (heavily wounded, chance 49%)
The gnoll resists with some effort.
The gnoll misses you. The gnoll hits you with a flail!
You enter the shallow water.
Moving in this stuff is going to be slow.
You hear the rusting of a distant drain.
Casting: Ensorcelled Hibernation
Confirm with . or Enter, or press ? or * to list all spells.
Aiming: Ensorcelled Hibernation
Press: ? - help, Shift-Dir - straight line, f/p - gnoll
Aim: a gnoll, wielding a flail (moderately wounded, chance 49%)
The gnoll resists with some effort.
The gnoll closely misses you.
Casting: Ensorcelled Hibernation
Confirm with . or Enter, or press ? or * to list all spells.
Aiming: Ensorcelled Hibernation
Press: ? - help, Shift-Dir - straight line, f/p - gnoll
Aim: a gnoll, wielding a flail (moderately wounded, chance 49%)
The gnoll resists with some effort.
The gnoll hits you with a flail!
Ouch! That really hurt!
You die...

########.>...###
#.....##.....#
#.....##.....# #.
#.......##†#.... ##.#
#............##. ....
#..........#... # #.##..
#.###........#.. #.
.....#####.........##./.# #.
#...........#.........#
#.######.....###########. .
#...#..#...@.#..#.........
#...#..#.###g#..#).###.#
#......≈..#_.g.....# #.#
#.....#########....###.#
#......≈..#..≈......##.#
#...#..#.###.#..#...##.##.##
##..#..#.....#..#....)......
#######.....##############.
#......%....#
.....#####......# #.###
#######


You could see 2 gnolls.

Vanquished Creatures
  Ijyb (D:2)
  4 adders
  6 gnolls
  2 worms (D:2)
  An ooze (D:2)
  6 bats
  3 giant cockroaches (D:2)
  10 goblins
  5 hobgoblins
  4 jackals
  5 kobolds
  3 quokkas
  2 giant geckos
  5 giant newts
  4 rats
  A butterfly (D:3)
62 creatures vanquished.

Notes
Turn   | Place    | Note
--------------------------------------------------------------
     0 | D:1      | hans, the Spriggan Enchanter, began the quest for the Orb.
     0 | D:1      | Reached XP level 1. HP: 9/9 MP: 4/4
   267 | D:1      | Reached XP level 2. HP: 13/13 MP: 7/7
   268 | D:1      | Reached skill level 5 in Stealth
   785 | D:1      | Learned a level 2 spell: Ensorcelled Hibernation
   802 | D:2      | Reached skill level 6 in Stealth
   802 | D:2      | Reached XP level 3. HP: 14/16 MP: 2/9
  1190 | D:2      | Noticed Ijyb
  1297 | D:2      | Killed Ijyb
  1297 | D:2      | Reached skill level 7 in Stealth
  1297 | D:2      | Reached XP level 4. HP: 19/21 MP: 6/12
  1704 | D:2      | Learned a level 3 spell: Confuse
  2042 | D:3      | Found a shimmering altar of Xom.
  2094 | D:3      | Reached XP level 5. HP: 24/24 MP: 9/14
  2185 | D:3      | Reached skill level 8 in Stealth
  2296 | D:3      | Found a sacrificial altar of Ru.
  2384 | D:3      | Slain by a gnoll

Action                   |  1- 3 |  4- 6 || total
-------------------------+-------+-------++-------
Melee: Dagger            |    55 |    44 ||    99
 Cast: Ensorcelled Hiber |     9 |    34 ||    43
 Stab: Sleeping          |    11 |    26 ||    37
  Eat: Bread ration      |       |     1 ||     1
